 Dungeon Crawl Stone Soup version 0.31-a0-187-gba352fbbf7 (webtiles) character file.

Game seed: 622622780004549266

4532 Arzdou the Nimble (level 10, -11/85 HPs)
             Began as a Merfolk Monk on June 22, 2023.
             Mangled by a death yak (22 damage)
             ... on level 8 of the Dungeon.
             The game lasted 00:10:16 (5192 turns).

Arzdou the Nimble (Merfolk Monk)                    Turns: 5192, Time: 00:10:16

Health: -11/85     AC:  3    Str: 12    XL:     10   Next: 39%
Magic:  10/10      EV: 26    Int: 10    God:
Gold:   213        SH:  0    Dex: 25    Spells: 9/9 levels left

rFire   . . .        z - +9 short sword "Seampeustryi" {flame, Will+ Dex+5}
rCold   + . .        d - orb {light}
rNeg    . . .        b - +0 robe
rPois   .            (no helmet)
rElec   .            (no cloak)
rCorr   .            e - +0 pair of gloves
SInv    .            (no boots)
Will    +....        (no amulet)
Stlth   +            l - +5 ring of evasion
HPRegen 0.34/turn    w - ring of protection from cold
MPRegen 0.12/turn

%: no passive effects
@: confused, ambrosia-drunk, glowing, studying Shields
A: (nimble swimmer 2), mertail
a: no special abilities


You were on level 8 of the Dungeon.
You visited 1 branch of the dungeon, and saw 7 of its levels.
You also visited: Ossuary.

You collected 248 gold pieces.
You spent 35 gold pieces at shops.

Inventory:

Hand Weapons
 a - a +1 falchion of flaming
 z - the +9 short sword "Seampeustryi" (weapon) {flame, Will+ Dex+5}
   (You found it on level 4 of the Dungeon)

   Dex:       It affects your dexterity (+5).
   Will:      It increases your willpower.
Missiles
 i - 3 datura-tipped darts (quivered)
 B - 4 poisoned darts
Armour
 b - a +0 robe (worn)
 d - an orb of light (worn)
 e - a +0 pair of gloves (worn)
Jewellery
 l - a +5 ring of evasion (left hand)
 o - a ring of wizardry
 w - a ring of protection from cold (right hand)
 H - a ring of resist corrosion
Wands
 y - a wand of polymorph (11)
Scrolls
 h - a scroll of fear
 j - 2 scrolls of revelation
 n - 2 scrolls of enchant weapon
 p - 2 scrolls of fog
 q - a scroll of vulnerability
 u - 2 scrolls of noise
 G - a scroll of silence
Potions
 c - a potion of ambrosia
 f - a potion of lignification {unknown}
 k - 3 potions of degeneration {unknown}
 m - 2 potions of enlightenment {unknown}
 s - a potion of brilliance {unknown}
 t - 3 potions of curing
 x - a potion of might {unknown}
 A - 3 potions of attraction {unknown}
 C - a potion of berserk rage {unknown}
 D - a potion of haste {unknown}
 F - a potion of invisibility {unknown}


   Skills:
 - Level 10.0 Fighting
 + Level 8.2(9.3) Short Blades
 - Level 7.0(8.7) Long Blades
 - Level 3.0 Throwing
 - Level 3.0 Armour
 - Level 10.0 Dodging


You had 9 spell levels left.
You didn't know any spells.
Your spell library contained the following spells:

 Spells                   Type           Power      Damage    Failure   Level
 Apportation              Tloc           0%         N/A       36%         1
 Vhi's Electric Charge    Tloc/Air       0%         N/A       75%         3
 Alistair's Intoxication  Tmut/Pois      0%         N/A       100%        5
 Arcjolt                  Conj/Air       0%         1d10      100%        5
 Maxwell's Capacitive Co  Air            0%         ∞         100%        8


Dungeon Overview and Level Annotations

Branches:
Dungeon (8/15)               Lair (0/5) D:8         Ossuary (visited)
 Temple: D:4-7

Altars:
Cheibriados
Hepliaklqana
Okawaru
Ru

Shops:
D:2 (


Innate Abilities, Weirdness & Mutations

((You are very nimble when in or above water. (Stealth+, EV+, Speed+++)))
Your lower body shifts to a powerful aquatic tail in water.


Message History

A death yak comes into view.
The death yak barely misses your sky beast.
Your sky beast hits the death yak.
Flame seeps out of the death yak.
Your sky beast shocks the death yak.
Flame seeps out of the death yak.
The death yak snorts and paws the ground.
The death yak is engulfed in blazing flames.
Flame seeps out of the death yak.
The death yak gores your sky beast! Flame seeps out of your sky beast.
Your sky beast is engulfed in blazing flames.
Flame seeps out of your sky beast.
Your sky beast hits the death yak but does no damage.
The death yak is engulfed in blazing flames.
The death yak explodes!
The fiery explosion engulfs you!!!
Ouch! That really hurt!
* * * LOW HITPOINT WARNING * * *
The fiery explosion engulfs Joseph!!!
Flame seeps out of Joseph.
Joseph is severely wounded.
The fiery explosion engulfs the death yak!!
The death yak is moderately wounded.
The fiery explosion engulfs your sky beast!!
Your sky beast's corpse dissolves into shadows!
Your sky beast explodes!
The fiery explosion engulfs Joseph!!!
Joseph explodes!
The fiery explosion engulfs the death yak!
The death yak is heavily wounded.
You hear a bellow! x3; You hear a shout!
You hear a bellow!
You hear a shout!
Training target 3.0 for Armour reached!
Your base Short Blades skill gained 2 levels and is now at level 8!
Your Armour skill increases to level 3! 2 yaks come into view.
The yak bellows!
A yak comes into view.
The death yak is engulfed in blazing flames.
The death yak closely misses you.
You bump into the stone wall.
The death yak is engulfed in blazing flames.
The death yak gores you!!
You die...

##.....##...o........ #
##......##g..o.......# .
##.......##..o....##..#..
#........YY.....>..#.##..
#..####...ooY...###....#...
#.# #...#o#...O..........
#.# #...#O#.g............
## #.###Y###.....#.....#
#[#§@§☼§#YY.#.#.....#
..###.###...##..#.#.. ....
#.#...Yg@...#.### #.#.
.###...g.....#....
.................
.#....##......##...
..............# ##.
..........#..#####.
#...##....#........


You could see a death yak, a two-headed ogre, 3 yaks, an orc warrior, a gnoll
and an orc.

Vanquished Creatures
  2 death yaks (D:8)
  Pikel (D:4)
  Joseph (D:8)
  A hornet (D:5)
  Sigmund (D:4)
  Edmund (D:4)
  A water moccasin (D:5)
  2 black bears
  2 ogres
  A lemure (D:4)
  A phantom (D:5)
  3 bullfrogs
  A gnoll sergeant (D:8)
  11 scorpions
  2 wights (D:6)
  2 centaur zombies (Ossuary)
  2 jellies (D:6)
  2 human zombies (Ossuary)
  A hound (D:4)
  A gnoll bouda (D:5)
  An iguana (D:5)
  Terence (D:3)
  An orc wizard (D:4)
  2 scorpion zombies (Ossuary)
  3 mummies (Ossuary)
  10 gnolls
  5 adders
  A white imp (D:8)
  An ufetubus (D:5)
  A worm (D:3)
  2 dart slugs
  4 orcs
  5 bats
  3 endoplasms
  4 giant cockroaches
  3 gnoll zombies (Ossuary)
  5 hobgoblins
  3 jackals (D:1)
  4 quokkas
  2 ball pythons
  2 frilled lizards
  4 goblins
  2 goblin zombies (Ossuary)
  2 hobgoblin zombies (Ossuary)
  9 kobolds
  3 kobold zombies (Ossuary)
  4 orc zombies (Ossuary)
  7 rats
133 creatures vanquished.

Notes
Turn   | Place    | Note
-------+----------+-------------------------------------------
     0 | D:1      | Arzdou the Merfolk Monk began the quest for the Orb.
     0 | D:1      | Reached XP level 1. HP: 18/18 MP: 1/1
    44 | D:1      | Reached XP level 2. HP: 15/24 MP: 2/2
   298 | D:1      | Reached XP level 3. HP: 30/30 MP: 3/3
   964 | D:2      | Found Luoxziod's Weapon Emporium.
   973 | D:2      | Bought 3 datura-tipped darts for 35 gold pieces
  1105 | D:2      | Reached XP level 4. HP: 37/37 MP: 4/4
  1425 | D:3      | Noticed an ogre
  1553 | D:3      | Found a snail-covered altar of Cheibriados.
  1554 | D:3      | Found an iron altar of Okawaru.
  1562 | D:3      | Found a hazy altar of Hepliaklqana.
  1562 | D:3      | Noticed Terence
  1589 | D:3      | Killed Terence
  1590 | D:3      | Reached skill level 5 in Long Blades
  1590 | D:3      | Reached skill level 1 in Throwing
  1681 | D:3      | Killed an ogre
  1682 | D:3      | Reached XP level 5. HP: 35/42 MP: 5/5
  2097 | D:4      | Noticed a black bear
  2105 | D:4      | Killed a black bear
  2106 | D:4      | Reached XP level 6. HP: 36/48 MP: 6/6
  2204 | D:4      | Found a sacrificial altar of Ru.
  2255 | D:4      | Noticed Pikel
  2282 | D:4      | Killed Pikel
  2283 | D:4      | Reached skill level 5 in Fighting
  2283 | D:4      | Reached XP level 7. HP: 24/56 MP: 7/7
  2465 | D:4      | Noticed Sigmund
  2483 | D:4      | Killed Sigmund
  2484 | D:4      | Reached XP level 8. HP: 52/64 MP: 8/8
  2819 | D:4      | Noticed Edmund
  2831 | D:4      | Killed Edmund
  2945 | D:4      | Identified the +9 short sword "Seampeustryi" {flame, Will+
                  | Dex+5}
  3427 | D:5      | Entered Level 5 of the Dungeon
  3477 | D:5      | Noticed a hornet
  3613 | D:5      | Reached skill level 1 in Short Blades
  3642 | D:5      | Killed a hornet
  3968 | D:5      | Reached XP level 9. HP: 72/72 MP: 9/9
  4488 | D:6      | You fall into a shaft and drop 2 floors!
  4499 | D:8      | Found a sand-covered staircase.
  4564 | D:8      | Found a staircase to the Lair.
  4565 | D:8      | Noticed Joseph
  4569 | D:8      | Reached skill level 10 in Dodging
  4579 | D:8      | Noticed a death yak
  4580 | D:8      | Noticed a death yak
  4593 | D:8      | Noticed a two-headed ogre
  4606 | Ossuary  | Entered an ossuary
  5037 | Ossuary  | Reached skill level 10 in Fighting
  5054 | Ossuary  | Reached skill level 1 in Armour
  5180 | D:8      | Killed a death yak
  5181 | D:8      | Reached XP level 10. HP: 26/85 MP: 10/10
  5188 | D:8      | Noticed a death yak
  5190 | D:8      | Killed a death yak
  5190 | D:8      | HP: 3/85 [spore (43)]
  5190 | D:8      | Killed Joseph
  5192 | D:8      | Mangled by a death yak

Illustrated notes

Levels and vault maps discovered:
D:1:      mrwooster_arrival_statue_3, layout_basic
D:2:      layout_basic, serial_shops, shop
D:3:      layout_basic, chequers_temple_overflow_statue_of_worship, uniq_terence
D:4:      layout_basic, mainiacjoe_overflow_six_doors_small,
          hangedman_decor_slide_cut, nicolae_figureground_pulse, uniq_sigmund,
          uniq_pikel, uniq_edmund
D:5:      layout_basic
D:6:      layout_rooms, minmay_temple_entry_poolview,
          hangedman_abyss_or_decor_stabs, serial_bayou_pond_a, st_stairs_10
D:8:      layout_cave_pools, dpeg_lair_monsters, nicolae_ossuary_entry_plus,
          grunt_ministairs_15, minmay_misc_feat_four_crosses,
          minmay_diamond_spiral, uniq_joseph

Skill      XL: |  1  2  3  4  5  6  7  8  9 10 |
---------------+-------------------------------+-----
Long Blades    | 4 5 6 7 |  7.0
Throwing       | 2 3 |  3.0
Fighting       | 5 6 7 10 | 10.0
Dodging        | 6 7 9 10 | 10.0
Short Blades   | 3 6 8 |  8.2
Armour         | 2 3 |  3.0

Action                     |  1- 3 |  4- 6 |  7- 9 | 10-12 || total
---------------------------+-------+-------+-------+-------++-------
  Melee: Falchion          |    69 |   102 |    65 |       ||   236
         Short sword       |       |       |   185 |     1 ||   186
  Throw: Dart              |       |       |     1 |       ||     1
    Use: Scroll            |       |     1 |     8 |     3 ||    12
         Potion            |       |       |       |     2 ||     2
 Armour: Robe              |    14 |    12 |    18 |       ||    44
  Dodge: Dodged            |    44 |    81 |   202 |     5 ||   332

Table legend: (Time is in decaauts)
 A = Elapsed time spent in this place.
 B = Non-inter-level travel time spent in this place.
 C = Inter-level travel time spent in this place.
 D = Time resting spent in this place.
 E = Time spent auto-exploring this place.
 F = Levels seen in this place.
 G = Mean time per level.
                   A        B        C        D        E       F      G
               +--------+--------+--------+--------+--------+-----+--------+
         Total |   5143 |   4986 |    157 |    485 |   3465 |   8 |  642.9 |
       Dungeon |   4621 |   4464 |    157 |    281 |   3357 |   7 |  660.1 |
       Ossuary |    522 |    522 |      0 |    204 |    108 |   1 |  522.0 |
               +--------+--------+--------+--------+--------+-----+--------+

Top non-repeatable levels by time:
     D:4: 1445 daAuts
     D:1: 887 daAuts
     D:5: 875 daAuts
     D:2: 560 daAuts
     D:3: 547 daAuts
 Ossuary: 522 daAuts
     D:6: 160 daAuts
     D:8: 144 daAuts
